 Dungeon Crawl Stone Soup version 0.28-a0-577-gb193047a1f (webtiles) character file.

Game seed: 15846838422901951018

2411 BR41ND34D the Magician (level 9, -3/65 HPs)
             Began as a Djinni Conjurer on Oct 1, 2021.
             Killed by an exploding fulminant prism (15 damage)
             ... on level 7 of the Dungeon on Oct 2, 2021.
             The game lasted 00:37:37 (5119 turns).

BR41ND34D the Magician (Djinni Conjurer)            Turns: 5119, Time: 00:37:38

Health: -3/65      AC: -5    Str:  6    XL:     9   Next: 75%
Gold:   286        EV: 13    Int: 23    God:
                   SH:  0    Dex: 12

rFire   + + .      SeeInvis .   C - +2 dagger (venom)
rCold   . . .      Faith    .   (no shield)
rNeg    + . .      Spirit   .   g - +0 leather armour
rPois   ∞          Reflect  .   (no helmet)
rElec   .          Harm     .   (no cloak)
rCorr   .          Rampage  .   (no gloves)
Will    .....                   (boots unavailable)
Stlth   +++.......              e - amulet of regeneration
HPRegen 1.20/turn               y - ring of positive energy
MPRegen 0.00/turn               z - ring of protection from cold

@: corroded, flying
A: sickness immunity, fire resistance 2, cold vulnerability 1, float, innate
caster, hp casting, extra vitality 1
a: no special abilities


You were on level 7 of the Dungeon.
You visited 1 branch of the dungeon, and saw 7 of its levels.
You also visited: Sewer.

You collected 286 gold pieces.

Inventory:

Hand Weapons
 j - a +2 dagger of draining
 C - a +2 dagger of venom (weapon)
Missiles
 i - 5 atropa-tipped darts
 p - 35 poisoned darts
 s - a curare-tipped dart
Armour
 a - a +0 scale mail
 g - a +0 leather armour (worn)
Jewellery
 e - an amulet of regeneration (around neck)
 y - a ring of positive energy (left hand)
 z - a ring of protection from cold (right hand)
Wands
 A - a wand of iceblast (9)
Scrolls
 b - a scroll of blinking {unknown}
 c - 3 scrolls of teleportation
 d - 3 scrolls of summoning {unknown}
 f - 7 scrolls of identify
 t - 3 scrolls of acquirement {unknown}
 w - a scroll of magic mapping {unknown}
 x - a scroll of amnesia {unknown}
 B - a scroll of enchant weapon {unknown}
Potions
 h - 2 potions of lignification {unknown}
 k - a potion of berserk rage {unknown}
 l - a potion of ambrosia {unknown}
 m - 2 potions of haste {unknown}
 n - 2 potions of curing
 o - a potion of cancellation {unknown}
 q - 2 potions of invisibility
 r - 2 potions of magic {unknown}
 u - a potion of resistance {unknown}
 v - 2 potions of mutation {unknown}
 D - a potion of degeneration {unknown}


   Skills:
 + Level 5.5 Fighting
 + Level 6.4 Dodging
 - Level 5.0 Stealth
 * Level 7.0 Spellcasting


You couldn't memorise any spells.
You knew the following spells:

 Your Spells              Type           Power      Damage    Failure   Level
a - Magic Dart            Conj           100%       1d8       1%          1
b - Searing Ray           Conj           80%        2d7       1%          2
c - Shock                 Conj/Air       100%       1d9       1%          1
d - Fulminant Prism       Conj/Hex       20%        3d13      7%          4
e - Iskenderun's Mystic   Conj/Tloc      40%        2d9       7%          4
f - Dazzling Flash        Conj/Hex       80%        N/A       1%          3
g - Passwall              Tmut/Erth      33%        N/A       1%          2
h - Summon Guardian Gole  Hex/Summ       40%        N/A       1%          3
i - Tukima's Dance        Hex            40%        N/A       1%          3
Your spell library was empty.

Dungeon Overview and Level Annotations

Branches:
Dungeon (7/15)              Sewer (visited)
 Temple: D:4-7

Altars:
Ashenzari
Okawaru
Vehumet
Wu Jian


Innate Abilities, Weirdness & Mutations

You are immune to sickness and miasma.
You are immune to poison.
Your flesh is very heat resistant. (rF++)
You are vulnerable to cold. (rC-)
You float through the air rather than walking.
You learn spells naturally, not from books.
Your magical power is your life essence.
You have superior vitality. (+4 HP)


Message History

The gnoll misses you. x2
You feel yourself speed up. The gnoll closely misses you. The gnoll misses you.
The jelly hits you but does no damage. The gnoll closely misses you. x2
The gnoll hits you with a +0 club. The gnoll barely misses you.
Your magical contamination has completely faded away.
The gnoll closely misses you.
Casting: Fulminant Prism (dangerous; 7% risk of failure)
Confirm with . or Enter, or press ? or * to list all spells.
A guardian golem appears, shielding your allies.
The jelly hits you.
You are splashed with acid.
The gnoll sergeant closely misses you. What are your orders? t - Shout!
Orders for allies: a - Attack new target. r - Retreat! s - Stop attacking. g - Guard the area. f - Follow me.
Anything else - Cancel.
Guard this area!
The jelly hits you. The acid corrodes you!
You are splashed with acid.
The gnoll sergeant barely misses you.
You hit the jelly but do no damage. The acid corrodes you!
Your hands burn!
The jelly barely misses you.
The gnoll hits your guardian golem but does no damage.
The gnoll hits your guardian golem with a +0 flail.
The gnoll hits your guardian golem with a +0 flail!
Casting: Summon Guardian Golem (safe; 1% risk of failure)
Confirm with . or Enter, or press ? or * to list all spells.
Aiming: Fulminant Prism (dangerous; 7% risk of failure)
Press: ? - help, Dir - move target You conjure a prism of explosive energy!
A fulminant prism comes into view.
The jelly hits you.
You are splashed with acid!
The gnoll hits you from afar with a +0 halberd!
* * * LOW HITPOINT WARNING * * *
Your fulminant prism crackles loudly.
Your fulminant prism explodes!
The blast of energy engulfs the gnoll sergeant!
The gnoll sergeant is severely wounded.
The blast of energy engulfs you!
You die...

### #### #### ########.# ###
##..##
###..###.#..#...###.###.....
#......#.#.......#..........
###........#..#.........)...
##.......##.##9......#.... ####
##).....##g..............
##..###....<..@Jggg..........(.
###....#.........g#.g...#........
#....#...........................
##...............................
####..........##.........#....##
##........###.........##..##
##.#..##.# .............##
#.#..#...>.............# .##..#
..


You could see a gnoll sergeant, a jelly, 5 gnolls and a friendly guardian golem
(summoned).

Vanquished Creatures
  Grinder (D:5)
  An ice beast (D:5)
  3 sky beasts
  A black bear (D:5)
  3 ogres (D:5)
  4 kobold brigands
  Blork the orc (D:5)
  3 scorpions
  A water moccasin zombie (D:5)
  A water moccasin skeleton (D:3)
  A howler monkey (D:6)
  3 hounds (D:4)
  2 bullfrog skeletons (D:5)
  Terence (D:3)
  An iguana (D:6)
  An orc wizard (D:6)
  5 gnolls
  A howler monkey zombie (D:5)
  7 adders
  A shadow imp (D:6)
  2 worms
  4 dart slugs
  11 orcs
  4 endoplasms
  11 giant cockroaches
  8 hobgoblins
  3 jackals (D:1)
  6 quokkas
  6 ball pythons
  6 bats
  6 frilled lizards
  16 goblins
  29 kobolds
  7 rats
161 creatures vanquished.

Vanquished Creatures (others)
  A cyclops (D:7)
  A dancing weapon (D:7)
  13 fulminant prisms
  7 plants (Sewer)
22 creatures vanquished.

Grand Total: 183 creatures vanquished

Notes
Turn   | Place    | Note
-------+----------+-------------------------------------------
     0 | D:1      | BR41ND34D the Djinni Conjurer began the quest for the Orb.
     0 | D:1      | Reached XP level 1. HP: 15/15 MP: 0/0
   264 | D:1      | Reached XP level 2. HP: 20/22 MP: 0/0
   844 | D:1      | Reached XP level 3. HP: 26/26 MP: 0/0
   844 | D:1      | Learned a level 1 spell: Shock
   915 | D:1      | Reached skill level 1 in Fighting
  1342 | D:2      | Reached XP level 4. HP: 29/32 MP: 0/0
  1596 | D:2      | Found a faded altar of an unknown god.
  1916 | D:3      | Found a glowing drain.
  1924 | Sewer    | Entered a sewer
  1982 | Sewer    | Reached XP level 5. HP: 37/37 MP: 0/0
  1982 | Sewer    | Learned a level 2 spell: Passwall
  2020 | Sewer    | Noticed a kobold brigand
  2020 | Sewer    | Noticed a kobold brigand
  2021 | Sewer    | Noticed a kobold brigand
  2032 | Sewer    | Killed a kobold brigand
  2033 | Sewer    | Reached skill level 4 in Spellcasting
  2039 | Sewer    | Killed a kobold brigand
  2040 | Sewer    | Reached XP level 6. HP: 14/43 MP: 0/0
  2429 | D:3      | Noticed Terence
  2436 | D:3      | Killed Terence
  2883 | D:3      | Reached XP level 7. HP: 39/49 MP: 0/0
  2883 | D:3      | Learned a level 3 spell: Summon Guardian Golem
  3131 | D:4      | Found an ornate altar of the Wu Jian Council.
  3159 | D:4      | Found a broken altar of Ashenzari.
  3387 | D:4      | Reached skill level 5 in Spellcasting
  3514 | D:5      | Entered Level 5 of the Dungeon
  3514 | D:5      | Noticed Grinder
  3519 | D:5      | Paralysed by Grinder for 7 turns
  3531 | D:5      | Paralysed by Grinder for 7 turns
  3541 | D:5      | Killed Grinder
  3542 | D:5      | Reached XP level 8. HP: 36/56 MP: 0/0
  3646 | D:5      | Noticed Blork the orc
  3690 | D:5      | Killed Blork the orc
  3864 | D:5      | Reached skill level 5 in Dodging
  4230 | D:5      | Reached skill level 6 in Spellcasting
  4242 | D:5      | Reached XP level 9. HP: 48/63 MP: 0/0
  4242 | D:5      | Learned a level 3 spell: Tukima's Dance
  4311 | D:5      | Found an iron altar of Okawaru.
  4587 | D:6      | Reached skill level 5 in Fighting
  4589 | D:6      | Reached skill level 5 in Stealth
  5066 | D:7      | Noticed a cyclops
  5080 | D:7      | Killed a cyclops
  5081 | D:7      | Reached skill level 7 in Spellcasting
  5119 | D:7      | Killed by an exploding fulminant prism

Illustrated notes

Levels and vault maps discovered:
D:1:      dpeg_arrival_rooms_b, layout_basic
D:2:      layout_loops_cross, hellmonk_ecumenical_altar_leap_of_faith
D:3:      layout_loops_cross, gup_sewer_entry_bubbles, serial_co_window_serial,
          co_window_paths_a, co_window_paths_a, co_window_paths_a,
          co_window_of_opportunity_a, co_window_of_opportunity_a,
          co_window_cross_1, co_window_corner_a, co_window_paths_a,
          co_window_corner_a, co_window_unsneaky_path_d, co_window_paths_c,
          co_window_unsneaky_path_e, co_window_broadway_a, co_window_corner_cb,
          glass_columns_a, uniq_terence
D:4:      layout_rooms, lemuel_crystal_altar, nicolae_wu_jian_wuxing_cycle
D:5:      layout_loops_cross, okawaru_altar_gauntlet_db, lemuel_tele_altar,
          uniq_blork_the_orc, uniq_grinder
D:6:      wander_river, layout_rooms
D:7:      layout_cave_pools, minmay_temple_entry_junction_2

Skill      XL: |  1  2  3  4  5  6  7  8  9 |
---------------+----------------------------+-----
Fighting       | 1 2 3 4 5 |  5.5
Stealth        | 2 3 4 5 |  5.0
Dodging        | 3 4 5 6 |  6.4
Spellcasting   | 4 5 6 7 |  7.0

Action                   |  1- 3 |  4- 6 |  7- 9 || total
-------------------------+-------+-------+-------++-------
Melee: Dagger            |     5 |     1 |    88 ||    94
Throw: Dart              |       |       |     1 ||     1
 Cast: Magic Dart        |    56 |    99 |   149 ||   304
       Shock             |     7 |    22 |    11 ||    40
       Fulminant Prism   |       |     1 |    12 ||    13
       Summon Guardian G |       |       |     2 ||     2
       Tukima's Dance    |       |       |     1 ||     1
  Use: Potion            |       |     1 |       ||     1
       Scroll            |       |     2 |       ||     2
 Stab: Sleeping          |     2 |     1 |     5 ||     8
Armor: Leather armour    |       |     2 |    18 ||    20
Dodge: Dodged            |     5 |    15 |    81 ||   101

Table legend: (Time is in decaauts)
 A = Elapsed time spent in this place.
 B = Non-inter-level travel time spent in this place.
 C = Inter-level travel time spent in this place.
 D = Time resting spent in this place.
 E = Time spent auto-exploring this place.
 F = Levels seen in this place.
 G = Mean time per level.
                   A        B        C        D        E       F      G
               +--------+--------+--------+--------+--------+-----+--------+
         Total |   5118 |   4977 |    141 |    320 |   3361 |   8 |  639.8 |
       Dungeon |   4802 |   4661 |    141 |    296 |   3263 |   7 |  686.0 |
         Sewer |    316 |    316 |      0 |     24 |     98 |   1 |  316.0 |
               +--------+--------+--------+--------+--------+-----+--------+

Top non-repeatable levels by time:
     D:1: 1231 daAuts
     D:3: 1016 daAuts
     D:5: 955 daAuts
     D:2: 556 daAuts
     D:6: 549 daAuts
     D:4: 390 daAuts
   Sewer: 316 daAuts
     D:7: 101 daAuts
